 Dungeon Crawl Stone Soup version 0.31-a0-750-gfe7b580527 (webtiles) character file.

Game seed: 3373236570112003291

37886 heikuro the Cleaver (level 14, -1/114 HPs)
             Began as a Formicid Fighter on Sept 15, 2023.
             Was a High Priest of Okawaru.
             Slain by a four-headed hydra (4 damage)
             ... on level 3 of the Lair of Beasts.
             The game lasted 00:48:02 (18738 turns).

heikuro the Cleaver (Formicid Fighter)             Turns: 18738, Time: 00:48:04

Health: -1/114     AC: 27    Str: 32    XL:     14   Next: 31%
Magic:  27/29      EV: 10    Int:  8    God:    Okawaru [*****.]
Gold:   1013       SH: 21    Dex: 13    Spells: 13/13 levels left

rFire   . . .        V - +2 scimitar (flame)
rCold   + . .        R - +1 tower shield of Generosity {Harm rC+ MP+9}
rNeg    . . .        n - +1 plate armour of Levity {Fly}
rPois   .            (helmet unavailable)
rElec   .            t - +0 cloak
rCorr   .            N - +0 pair of gloves
SInv    +            F - +0 pair of boots
Will    +....        (no amulet) Stlth
                     A - +6 ring of strength
HPRegen 0.39/turn    D - +4 ring of protection
MPRegen 0.21/turn

%: harm (+30% outgoing, +20% incoming)
@: heroic, flying
A: permanent stasis, dig shafts and tunnels, antennae 3, four strong arms
a: Dig, Shaft Self, Renounce Religion, Heroism, Finesse, Duel


You were on level 3 of the Lair of Beasts.
You worshipped Okawaru.
Okawaru was extremely pleased with you.
You visited 4 branches of the dungeon, and saw 19 of its levels.

You collected 1013 gold pieces.

Inventory:

Hand Weapons
 a - a +1 battleaxe of draining
 b - a +2 whip of venom
 U - the +8 whip of Menoc {holy, Will++}
   (You found it on level 13 of the Dungeon)

   Will++:    It greatly increases your willpower.
 V - a +2 scimitar of flaming (weapon)
 X - a +3 quick blade of electrocution
Missiles
 k - 39 poisoned darts (quivered)
 I - a curare-tipped dart
Armour
 n - the +1 plate armour of Levity (worn) {Fly}
   (You found it on level 2 of the Dungeon)

   Fly:       It grants you flight.
 t - a +0 cloak (worn)
 F - a +0 pair of boots (worn)
 M - a +0 kite shield
 N - a +0 pair of gloves (worn)
 R - the +1 tower shield of Generosity (worn) {Harm rC+ MP+9}
   (Okawaru gifted it to you on level 13 of the Dungeon)

   rC+:       It protects you from cold.
   MP+9:      It affects your magic capacity (+9).
   Harm:      It increases damage dealt and taken.
Jewellery
 l - a +6 ring of dexterity
 q - a ring of fire
 A - a +6 ring of strength (left hand)
 D - a +4 ring of protection (right hand)
 K - a ring of flight
 P - a ring of protection from fire
 Q - the ring of Wiurehy {EV+5 Int+5}
   (You found it on level 13 of the Dungeon)

   [ring of evasion]

   EV+5:      It affects your evasion (+5).
   Int+5:     It affects your intelligence (+5).
Wands
 c - a wand of paralysis (3)
 y - a wand of iceblast (18)
 E - a wand of light (12)
 J - a wand of flame (35)
 L - a wand of polymorph (6)
 Y - a wand of mindburst (12)
Scrolls
 e - 2 scrolls of revelation {unknown}
 f - 3 scrolls of identify
 g - 3 scrolls of teleportation {unknown}
 h - 3 scrolls of noise {unknown}
 j - 2 scrolls of silence {unknown}
 o - a scroll of enchant armour {unknown}
 r - 4 scrolls of enchant weapon {unknown}
 s - a scroll of poison {unknown}
 v - a scroll of butterflies {unknown}
 w - 4 scrolls of immolation {unknown}
 x - 4 scrolls of fog {unknown}
 B - 2 scrolls of vulnerability {unknown}
 S - a scroll of blinking {unknown}
Potions
 d - 5 potions of might
 i - 6 potions of brilliance
 m - 2 potions of heal wounds
 p - 3 potions of lignification
 u - 3 potions of enlightenment
 z - 2 potions of invisibility
 C - a potion of resistance
 G - 7 potions of curing
 H - 2 potions of ambrosia
 O - a potion of attraction
 T - a potion of mutation
 W - a potion of magic


   Skills:
 + Level 11.6(16.6) Fighting
 * Level 14.4(19.4) Axes
 + Level 11.7(16.7) Armour
 + Level 13.5(18.5) Shields
 + Level 9.2 Invocations


You had 13 spell levels left.
You didn't know any spells.
Your spell library contained the following spells:

 Spells                   Type           Power      Damage    Failure   Level
 Lesser Beckoning         Tloc           0%         N/A       99%         2
 Momentum Strike          Conj/Tloc      0%         3d8       99%         2
 Dazzling Flash           Conj/Hex       0%         N/A       100%        3
 Inner Flame              Hex/Fire       0%         N/A       100%        3
 Ozocubu's Armour         Ice            0%         N/A       100%        3
 Flame Wave               Conj/Fire      0%         2d4       100%        4
 Sticky Flame             Conj/Fire      0%         2d3       100%        4
 Agony                    Necr           0%         N/A       100%        5
 Borgnjor's Vile Clutch   Necr/Erth      0%         N/A       100%        5
 Silence                  Hex/Air        0%         N/A       100%        5
 Ozocubu's Refrigeration  Ice            0%         4d7       100%        7
 Blink                    Tloc           Unusable   N/A       N/A         2
 Animate Dead             Necr           Unusable   N/A       N/A         4
 Death Channel            Necr           Unusable   N/A       N/A         6

Dungeon Overview and Level Annotations

Branches:
Dungeon (14/15)            Temple (1/1) D:7            Lair (3/5) D:11
  Swamp (0/4) Lair:2        Snake (0/4) Lair:2          Orc (1/2) D:11
 Vaults: D:13-14

Altars:
Ashenzari
Cheibriados
Dithmenos
Elyvilon
Fedhas
Gozag
Hepliaklqana
Kikubaaqudgha
Makhleb
Nemelex Xobeh
Okawaru
Qazlal
Ru
Sif Muna
Trog
Uskayaw
Vehumet
Wu Jian
Xom
Yredelemnul
Zin
The Shining One

Shops:
D:3 *

Portals:
Trove: D:10 (give 5 scrolls of fog)

Annotations:
D:13 2 transporters, Brisketman's ghost, journeyman TrCK


Innate Abilities, Weirdness & Mutations

You cannot be hasted, slowed, berserked, paralysed or teleported.
You can dig through walls and to a lower floor.
You have a pair of large antennae on your head. (SInv)
Your four strong arms can wield two-handed weapons with a shield.


Message History

The five-headed hydra is moderately wounded.
You block the five-headed hydra's attack.
The five-headed hydra bites you but does no damage.
You block the five-headed hydra's attack. x2
The five-headed hydra bites you.
You hit the five-headed hydra. You burn the five-headed hydra.
The five-headed hydra is heavily wounded.
The five-headed hydra bites you. x2
You block the five-headed hydra's attack. x2
The five-headed hydra barely misses you.
You block the five-headed hydra's attack.
The five-headed hydra bites you! The five-headed hydra bites you.
* * * LOW HITPOINT WARNING * * *
The five-headed hydra bites you but does no damage.
The five-headed hydra barely misses you.
You barely miss the five-headed hydra.
The five-headed hydra is moderately wounded.
You block the five-headed hydra's attack.
The five-headed hydra bites you!
* * * LOW HITPOINT WARNING * * *
You block the five-headed hydra's attack.
The five-headed hydra barely misses you.
You block the five-headed hydra's attack.
You gain the combat prowess of a mighty hero.
You block the five-headed hydra's attack. x2
The five-headed hydra bites you but does no damage. x2
You block the five-headed hydra's attack.
You chop one of the five-headed hydra's heads off!
The flame cauterises the wound!
You hit the four-headed hydra. You burn the four-headed hydra.
The four-headed hydra is heavily wounded.
You block the four-headed hydra's attack. x2
The four-headed hydra bites you!
* * * LOW HITPOINT WARNING * * *
The four-headed hydra bites you.
* * * LOW HITPOINT WARNING * * *
You block the four-headed hydra's attack.
The four-headed hydra closely misses you.
The four-headed hydra bites you.
You die...

#####.##..#.#####
#................
##........##.####
#.......## #
#........#
#........#
#.......P#
#.......##
#.....@.##
#.....D..#
#.........#
#..............
###.##$#....###
## ###.##.# ## .#
#


You could see a four-headed hydra.

Vanquished Creatures
  Gastronok (D:9)
  An eleionoma (Lair:2)
  2 hydras (Lair:2)
  2 dancing weapons (D:8)
  3 boulder beetles
  4 centaur warriors
  2 tengu warriors (D:13)
  3 two-headed ogres
  The ghost of Aj7335 the Trooper, a novice MiBe of Trog (D:7)
  5 cyclopes
  A manticore (D:12)
  An ugly thing (D:13)
  A black mamba (Lair:2)
  3 gargoyles
  Maggie (Lair:2)
  An efreet (D:14)
  An unseen horror (D:11)
  6 cane toads
  3 komodo dragons
  2 kobold demonologists
  4 trolls
  3 hornets
  Prince Ribbit (D:5)
  A blink frog (shapeshifter) (D:13)
  9 blink frogs
  A vampire (D:12)
  Sigmund (D:6)
  2 shadows
  7 wyverns
  23 yaks
  4 wraiths
  A basilisk (Lair:1)
  4 vampire mosquitoes (D:12)
  A warg (D:11)
  4 acid dragons
  23 water moccasins
  6 orc warriors
  An ice beast (D:6)
  2 sky beasts
  3 black bears
  3 ogres (D:6)
  8 wolves
  14 centaurs
  2 phantoms
  4 kobold brigands
  5 bullfrogs
  3 gnoll sergeants
  6 scorpions
  5 wights (D:8)
  7 killer bees
  2 electric eels (D:10)
  3 howler monkeys
  4 jellies
  4 hounds
  14 orc priests
  A gnoll bouda (D:6)
  3 iguanas
  10 orc wizards
  2 sleepcaps
  11 gnolls
  8 adders
  A shadow imp (D:4)
  A white imp (D:6)
  3 ufetubi (D:6)
  2 worms (D:3)
  2 dart slugs (D:2)
  34 orcs
  8 endoplasms
  3 giant cockroaches
  3 goblins
  7 hobgoblins
  7 jackals (D:1)
  3 quokkas
  8 ball pythons
  8 bats
  22 kobolds
  5 rats
381 creatures vanquished.

Vanquished Creatures (others)
  A vault guard (D:14)
1 creature vanquished.

Grand Total: 382 creatures vanquished

Notes
Turn   | Place    | Note
-------+----------+-------------------------------------------
     0 | D:1      | heikuro the Formicid Fighter began the quest for the Orb.
     0 | D:1      | Reached XP level 1. HP: 18/18 MP: 1/1
   107 | D:1      | Reached XP level 2. HP: 11/24 MP: 2/2
   307 | D:1      | Reached XP level 3. HP: 29/29 MP: 3/3
  1097 | D:2      | Reached XP level 4. HP: 35/35 MP: 4/4
  1164 | D:2      | Identified the +1 plate armour of Levity {Fly}
  1239 | D:2      | Found a faded altar of an unknown god.
  1427 | D:3      | Found a basalt altar of Yredelemnul.
  1460 | D:3      | Reached skill level 3 in Axes
  1495 | D:3      | Found Rutu's Assorted Antiques.
  1878 | D:3      | Reached XP level 5. HP: 24/42 MP: 5/5
  1902 | D:3      | Reached skill level 5 in Shields
  2304 | D:3      | Reached XP level 6. HP: 38/48 MP: 6/6
  2424 | D:4      | Reached skill level 4 in Axes
  2732 | D:4      | Reached XP level 7. HP: 55/55 MP: 7/7
  3124 | D:5      | Entered Level 5 of the Dungeon
  3138 | D:4      | Reached skill level 5 in Axes
  3138 | D:4      | Reached skill level 5 in Armour
  3488 | D:4      | Reached skill level 5 in Fighting
  3613 | D:5      | Reached XP level 8. HP: 47/62 MP: 8/8
  3922 | D:5      | Reached skill level 6 in Axes
  4514 | D:5      | Noticed Prince Ribbit
  4528 | D:5      | Killed Prince Ribbit
  4529 | D:5      | Reached XP level 9. HP: 52/69 MP: 9/9
  4646 | D:5      | Found a white marble altar of Elyvilon.
  4655 | D:5      | Found a glowing silver altar of Zin.
  4667 | D:5      | Found a burning altar of Makhleb.
  4807 | D:6      | Reached skill level 7 in Axes
  5934 | D:6      | Noticed Sigmund
  5941 | D:6      | Killed Sigmund
  5978 | D:6      | Reached skill level 8 in Axes
  6357 | D:6      | Noticed a boulder beetle
  6362 | D:6      | You are sucked into a shaft and drop 3 floors!
  6434 | D:9      | Found a blossoming altar of Fedhas.
  6569 | D:8      | Found a sparkling altar of Nemelex Xobeh.
  6569 | D:8      | Found an opulent altar of Gozag.
  6703 | D:6      | Killed a boulder beetle
  6704 | D:6      | Reached XP level 10. HP: 21/79 MP: 10/10
  6925 | D:6      | Reached skill level 9 in Axes
  6947 | D:6      | You are sucked into a shaft and drop 1 floor!
  6952 | D:7      | HP: 3/79 [poisoned by a water moccasin]
  7223 | D:7      | Found a runed translucent door.
  7224 | D:7      | Noticed Aj7335's ghost (novice MiBe)
  7876 | D:7      | Found a staircase to the Ecumenical Temple.
  7904 | Temple   | Entered the Ecumenical Temple
  8039 | Temple   | Became a worshipper of Warmaster Okawaru
  8452 | D:6      | Reached skill level 1 in Invocations
  8758 | D:8      | Found a basalt altar of Yredelemnul.
  9060 | D:8      | Reached * piety under Okawaru
  9489 | D:8      | Reached skill level 10 in Axes
  9511 | D:8      | Noticed a +0 hand axe
  9511 | D:8      | Noticed a +0 dagger
  9512 | D:8      | Found a hide-covered altar of Uskayaw.
  9746 | D:8      | Reached XP level 11. HP: 78/86 MP: 13/13
  9747 | D:8      | Reached ** piety under Okawaru
  9748 | D:8      | Reached skill level 10 in Shields
 10059 | D:8      | Killed a +0 hand axe
 10062 | D:8      | Killed a +0 dagger
 10171 | D:9      | Noticed Gastronok
 10184 | D:9      | Killed Gastronok
 10184 | D:9      | Reached *** piety under Okawaru
 10265 | D:9      | Reached skill level 11 in Axes
 10500 | D:9      | Reached **** piety under Okawaru
 11340 | D:10     | Entered Level 10 of the Dungeon
 11430 | D:10     | Reached skill level 5 in Invocations
 11515 | D:10     | Found a shimmering blue altar of Sif Muna.
 11820 | D:10     | Found a portal to a secret trove of treasure.
 12080 | D:11     | Noticed a cyclops
 12230 | D:11     | Killed a cyclops
 12231 | D:11     | Reached XP level 12. HP: 91/95 MP: 15/15
 12313 | D:11     | Found a staircase to the Lair.
 12314 | D:11     | Noticed a two-headed ogre
 12424 | D:10     | Received a gift from Okawaru
 12513 | D:10     | Killed a two-headed ogre
 12664 | D:11     | Reached skill level 12 in Axes
 12667 | D:11     | Reached ***** piety under Okawaru
 12738 | D:11     | Noticed a two-headed ogre
 12746 | D:11     | Killed a two-headed ogre
 12791 | D:11     | Reached skill level 10 in Armour
 12791 | D:11     | Found a staircase to the Orcish Mines.
 12795 | D:11     | Noticed a centaur warrior
 12802 | D:11     | Reached skill level 10 in Fighting
 12803 | D:11     | Killed a centaur warrior
 13215 | D:12     | Noticed a two-headed ogre
 13225 | D:12     | Killed a two-headed ogre
 13274 | D:12     | Noticed a boulder beetle
 13285 | D:12     | Killed a boulder beetle
 13713 | D:12     | Reached XP level 13. HP: 104/104 MP: 18/18
 14541 | D:13     | Identified the ring of Wiurehy {EV+5 Int+5}
 14588 | D:13     | Identified the +1 tower shield of Generosity {Harm rC+
                  | MP+9} (Okawaru gifted it to you on level 13 of the Dungeon)
 14588 | D:13     | Received a gift from Okawaru
 14589 | D:13     | Reached skill level 13 in Axes
 14896 | D:7      | Killed Aj7335's ghost
 14985 | Orc:1    | Entered Level 1 of the Orcish Mines
 14988 | Orc:1    | Noticed an orc warlord
 15057 | D:13     | Noticed a centaur warrior
 15064 | D:13     | Killed a centaur warrior
 15090 | D:13     | Found a transporter.
 15108 | D:13     | Noticed a centaur warrior
 15115 | D:13     | Killed a centaur warrior
 15144 | D:13     | Noticed a centaur warrior
 15152 | D:13     | Killed a centaur warrior
 15345 | D:13     | Found a bloodstained altar of Trog.
 15438 | D:13     | Found a transporter.
 15445 | D:13     | Noticed Brisketman's ghost (journeyman TrCK)
 15474 | D:13     | Noticed a centaur warrior
 15505 | D:13     | Identified the +8 whip of Menoc {holy, Will++}
 15770 | D:14     | Noticed a centaur warrior
 15773 | D:14     | Noticed an eight-headed hydra
 16027 | D:14     | Killed a vault guard
 16152 | D:14     | Noticed a vault guard
 16152 | D:14     | Noticed a vault guard
 16232 | Lair:1   | Entered Level 1 of the Lair of Beasts
 16469 | Lair:1   | Received a gift from Okawaru
 17130 | Lair:2   | Noticed Maggie
 17308 | Lair:2   | Killed Maggie
 17353 | Lair:2   | Reached skill level 14 in Axes
 17358 | Lair:2   | Reached XP level 14. HP: 101/113 MP: 20/20
 17398 | Lair:2   | Found a staircase to the Snake Pit.
 17946 | Lair:2   | Noticed an eleionoma
 17962 | Lair:2   | Killed an eleionoma
 17973 | Lair:2   | Found a staircase to the Swamp.
 18738 | Lair:3   | HP: 3/114 [four-headed hydra (4)]
 18738 | Lair:3   | Slain by a four-headed hydra

Illustrated notes

Levels and vault maps discovered:
D:1:      wheals_arrival_linesprint, layout_loops_ring,
          minmay_stone_trees_small, minmay_stone_trees_large
D:2:      layout_rooms, ebering_ecumenical_altar_rust, due_unseen_surprise
D:3:      minmay_recursive_quarters, layout_loops_ring,
          yredelemnul_altar_generic, serial_shops,
          nicolae_shop_overgrown_old_shop
D:4:      layout_loops_ring
D:5:      layout_loops_ring, minmay_overflow_temple_star_quad,
          hangedman_abyss_or_decor_lesser_grid, minmay_chambers_of_fives,
          uniq_prince_ribbit1
D:6:      minmay_opposing_rooms, layout_loops_ring, uniq_sigmund
D:7:      layout_cave_pools, minmay_temple_entry_nine_rooms,
          gammafunk_ghost_grave, dk_vineyard_2
D:8:      layout_loops_ring, grunt_temple_overflow_opulence,
          dancing_weapons_uskayaw, minmay_ruined_shrine
D:9:      layout_roguey, lemuel_coloured_pillars_altar,
          kennysheep_generic_room_5, uniq_gastronok
D:10:     layout_rooms, tgw_sif, enter_trove_3, chequers_big_river,
          minivault_24, nicolae_the_louvre
D:11:     layout_basic, minmay_lair_entry_grove, david_orc_3
D:12:     layout_basic, serial_bayou_crossing
D:13:     layout_basic, nzn_ghost_randoct, trog_three_pillars_becter
D:14:     layout_basic, ximxim_vaults_locker_room, uniq_jorgrun
Temple:   cyrus_circular_temple
Lair:1:   layout_gridlike
Lair:2:   layout_cave_pods, alex1729_swamp_entry_worm_eleionoma,
          minmay_snake_entry_six_corridors, st_stairs_7, uniq_maggie
Lair:3:   gammafunk_cloud_chamber, layout_small_grid
Orc:1:    layout_caves, uniq_erolcha, uniq_snorg, uniq_harold

Skill      XL: |  1  2  3  4  5  6  7  8  9 10 11 12 13 14 |
---------------+-------------------------------------------+-----
Axes           | 3 4 5 6 8 10 11 12 14 | 14.4
Fighting       | 4 5 6 7 8 9 10 11 | 11.6
Armour         | 4 5 6 7 8 9 10 11 | 11.7
Shields        | 5 6 7 9 11 12 13 | 13.5
Invocations    | 2 5 7 8 9 |  9.2

Action                     |  1- 3 |  4- 6 |  7- 9 | 10-12 | 13-15 || total
---------------------------+-------+-------+-------+-------+-------++-------
  Melee: War axe           |    67 |     2 |     7 |     6 |       ||    82
         Whip              |     2 |   155 |   262 |   163 |       ||   582
         Battleaxe         |       |       |       |   337 |   278 ||   615
         Scimitar          |       |       |       |       |    18 ||    18
  Throw: Dart              |       |       |    21 |     9 |     3 ||    33
 Invoke: Heroism           |       |       |       |     5 |     7 ||    12
Ability: Dig               |     1 |       |     1 |     1 |       ||     3
         Shaft Self        |       |       |     1 |     1 |       ||     2
    Use: Scroll            |       |     7 |     2 |     2 |     3 ||    14
         Potion            |       |       |     1 |       |       ||     1
 Armour: Scale mail        |    51 |     1 |       |       |       ||    52
         Plate armour      |       |    98 |   255 |   454 |   274 ||  1081
  Dodge: Dodged            |    36 |    41 |    80 |   168 |   101 ||   426
  Block: Buckler           |    29 |    39 |    64 |    85 |       ||   217
         Kite shield       |       |       |       |   142 |    25 ||   167
         Tower shield      |       |       |       |       |   337 ||   337

Table legend: (Time is in decaauts)
 A = Elapsed time spent in this place.
 B = Non-inter-level travel time spent in this place.
 C = Inter-level travel time spent in this place.
 D = Time resting spent in this place.
 E = Time spent auto-exploring this place.
 F = Levels seen in this place.
 G = Mean time per level.
                   A        B        C        D        E       F      G
               +--------+--------+--------+--------+--------+-----+--------+
         Total |  18809 |  17869 |    940 |   5032 |   6760 |  19 |  989.9 |
       Dungeon |  16140 |  15219 |    921 |   4085 |   5804 |  14 | 1152.9 |
        Temple |    146 |    146 |      0 |    128 |      0 |   1 |  146.0 |
          Lair |   2516 |   2497 |     19 |    819 |    956 |   3 |  838.7 |
  Orcish Mines |      5 |      5 |      0 |      0 |      0 |   1 |    5.0 |
               +--------+--------+--------+--------+--------+-----+--------+

Top non-repeatable levels by time:
     D:6: 2270 daAuts
     D:7: 1497 daAuts
    D:12: 1483 daAuts
     D:8: 1458 daAuts
  Lair:2: 1427 daAuts
     D:4: 1376 daAuts
     D:9: 1269 daAuts
    D:13: 1184 daAuts
     D:5: 1133 daAuts
  Lair:1: 1061 daAuts
     D:3: 1050 daAuts
    D:10: 1036 daAuts
     D:1: 898 daAuts
    D:11: 738 daAuts
     D:2: 477 daAuts
